 Dungeon Crawl Stone Soup version 0.18.1-48-g4cf74bf (webtiles) character file.

495 tagomago the Pannier (level 6, -7/55 HPs)
             Began as a Deep Dwarf Artificer on July 25, 2016.
             Was an Initiate of Nemelex Xobeh.
             Killed by divine providence
             ... invoked by an orc priest
              (12 damage)
             ... on level 4 of the Dungeon.
             The game lasted 00:15:00 (3467 turns).

tagomago the Pannier (Deep Dwarf Artificer)         Turns: 3467, Time: 00:15:00

Health: -7/55      AC:  8    Str: 16    XL:     6   Next: 92%
Magic:  10/10      EV:  7    Int: 13    God:    Nemelex Xobeh [......]
Gold:   149        SH:  0    Dex: 13    Spells: 0 memorised, 5 levels left

rFire  . . .     SeeInvis .     D - +2 battleaxe (flame)
rCold  . . .     Gourm    +     t - +0 chain mail
rNeg   . . .     Faith    .     (shield currently unavailable)
rPois  .         Spirit   .     (no helmet)
rElec  .         Dismiss  .     (no cloak)
rCorr  .         Reflect  .     (no gloves)
SustAt .         Harm     .     (no boots)
MR     .....                    s - amulet of the gourmand
Stlth  ..........               (no ring)
                                (no ring)

@: non-regenerating, not resistant to hostile enchantments, extremely unstealthy
A: damage resistance, recharge devices, sense surroundings 1, slow regeneration
3
a: Device Recharging, Renounce Religion


You were on level 4 of the Dungeon.
You worshipped Nemelex Xobeh.
Nemelex Xobeh was noncommittal.
You were hungry.

You visited 1 branch of the dungeon, and saw 4 of its levels.

You collected 149 gold pieces.

Inventory:

Hand Weapons
 a - a +0 short sword
 l - a +0 whip
 o - a +0 war axe
 C - a +1 halberd of pain
 D - a +2 battleaxe of flaming (weapon)
Armour
 b - a +0 leather armour
 t - a +0 chain mail (worn)
Jewellery
 s - an amulet of the gourmand (around neck)
Wands
 c - a wand of flame (2/48)
 d - a wand of enslavement (14/24)
 e - a wand of random effects (9/48)
 f - a wand of heal wounds (2/9)
Scrolls
 i - a scroll of amnesia {unknown}
 j - a scroll of enchant armour {unknown}
 k - 4 scrolls of teleportation
 r - a scroll of enchant weapon {unknown}
 u - a scroll of fear
 v - a scroll of fog {unknown}
 y - 2 scrolls of identify {unknown}
 z - a scroll of blinking {unknown}
Potions
 h - a potion of invisibility
 m - a potion of agility {unknown}
 p - a potion of mutation {unknown}
 q - 3 potions of curing
 w - a potion of degeneration {unknown}
 x - a potion of haste {unknown}
 A - a potion of heal wounds {unknown}
Miscellaneous
 B - a plain deck of escape {drawn: 5}
Comestibles
 g - 5 bread rations
 n - 2 beef jerkies
 E - a meat ration
 F - 3 fruits


   Skills:
 * Level 2.9 Fighting
 - Level 0.8 Short Blades
 + Level 1.6 Axes
 + Level 2.7 Armour
 + Level 2.9 Dodging
 - Level 1.2 Stealth
 - Level 8.0 Evocations


You had 5 spell levels left.
You didn't know any spells.

Dungeon Overview and Level Annotations

Branches:
Dungeon (4/15)
 Temple: D:4-7

Altars:
Kikubaaqudgha
Nemelex Xobeh
Okawaru


Innate Abilities, Weirdness & Mutations

You are resistant to damage.
You can recharge devices by infusing magical energy.
You passively map a small area around you.
You do not regenerate naturally.


Message History

The gnoll sergeant is almost dead.
You closely miss the gnoll.
Your chain mail prevents you from hitting something.
The gnoll hits you but does no damage.
The gnoll sergeant hits you with a trident.
* * * LOW HITPOINT WARNING * * *
Something hits you but does no damage. The gnoll hits you but does no damage.
The gnoll barely misses you.
Evoke which item? (* to show all) (? for menu, Esc to quit)
You draw a card...
It is Solitude.
The gnoll sergeant blinks!
The gnoll disappears!
The gnoll hits you from afar with a spear.
* * * LOW HITPOINT WARNING * * *
The walls disappear prematurely!
Evoke which item? (* to show all) (? for menu, Esc to quit)
You draw a card...
It is the Shaft.
A shaft materialises beneath you!
The orc priest invokes the aid of Beogh against you.
Beogh smites you!
You die...
Your body disappears without a glow.

.......# ###...# #.####).###[#
.#.#...# ###....## #<##........#
.#.#)### #....### #.#...##.####
.#.#.#####.#.## #....##..###
.......##....# #....##.#..#*
.#..##.>...### ##.#..##.#..#
............########§.#..##.#..#
....#.###..g......##^##..##.)..#*
......# ##.###..@.g..##..>..†###
.....## #..###......o)g.......# *
...#..###.###..#######.......##
...#...##.# #.## ##......##
.#.÷...##.# #.#######.).#.#..# #
.###......###.##..........##.## #
## ##....###.....###.#..####..###
# #.....##.#.### #)#.## ##...# #
##..........# ###÷..# ###.#


You could see a gnoll sergeant, an orc priest and 2 gnolls.

Vanquished Creatures
  Sigmund (D:2)
  Blork the orc (D:4)
  A crimson imp (D:3)
  2 orc wizards (D:4)
  3 gnolls (D:4)
  5 adders
  An ooze (D:1)
  4 worms
  2 dart slugs
  2 giant geckos (D:4)
  8 orcs
  9 bats
  5 giant cockroaches
  12 goblins
  7 hobgoblins
  3 jackals (D:4)
  8 kobolds
  2 quokkas
  10 giant newts
  7 rats
  2 rat zombies (D:3)
95 creatures vanquished.

Vanquished Creatures (collateral kills)
  2 gnolls (D:4)
2 creatures vanquished.

Grand Total: 97 creatures vanquished

Notes
Turn   | Place    | Note
--------------------------------------------------------------
     0 | D:1      | tagomago the Deep Dwarf Artificer began the quest for the Orb.
     0 | D:1      | Reached XP level 1. HP: 16/16 MP: 3/3
   156 | D:1      | Reached XP level 2. HP: 21/24 MP: 5/5
   228 | D:1      | Reached skill level 5 in Evocations
   639 | D:1      | Reached XP level 3. HP: 22/30 MP: 7/7
   963 | D:2      | Noticed Sigmund
   970 | D:2      | Killed Sigmund
   970 | D:2      | Reached skill level 1 in Fighting
   970 | D:2      | Reached skill level 7 in Evocations
   970 | D:2      | Reached XP level 4. HP: 28/38 MP: 7/9
   970 | D:2      | Reached XP level 5. HP: 33/44 MP: 7/10
  1543 | D:2      | Reached skill level 8 in Evocations
  1863 | D:3      | Found an iron altar of Okawaru.
  1962 | D:3      | Reached XP level 6. HP: 36/54 MP: 12/12
  2267 | D:3      | Reached skill level 1 in Armour
  2536 | D:3      | Found a sparkling altar of Nemelex Xobeh.
  2625 | D:3      | Found an ancient bone altar of Kikubaaqudgha.
  2703 | D:3      | Became a worshipper of Nemelex Xobeh the Trickster
  2881 | D:4      | Received a gift from Nemelex Xobeh
  2952 | D:4      | Reached skill level 1 in Axes
  2962 | D:4      | HP: 1/55 [gnoll/halberd of pain (8)]
  3224 | D:4      | Noticed Blork the orc
  3238 | D:4      | Killed Blork the orc
  3467 | D:4      | Killed from afar by an orc priest

Skill      XL: |  1  2  3  4  5  6 |
---------------+-------------------+-----
Evocations     | 5 7 8 |  8.0
Fighting       | 1 2 |  2.9
Armour         | 2 |  2.7
Axes           | 1 |  1.6
Short Blades   | |  0.8
Dodging        | |  2.9
Stealth        | |  1.2

Action                   |  1- 3 |  4- 6 || total
-------------------------+-------+-------++-------
Melee: Short sword       |    61 |       ||    61
       Whip              |    52 |   119 ||   171
       War axe           |       |   183 ||   183
       Battleaxe         |       |    43 ||    43
 Abil: Device Recharging |       |     2 ||     2
Evoke: Wand              |     6 |    23 ||    29
       Deck              |       |     5 ||     5
  Use: Scroll            |       |     3 ||     3
       Potion            |       |     2 ||     2
 Stab: Sleeping          |     1 |       ||     1
  Eat: Bread ration      |       |     2 ||     2
Armor: Leather armour    |    52 |    48 ||   100
       Chain mail        |       |   214 ||   214
Dodge: Dodged            |    96 |   246 ||   342
